 Dungeon Crawl Stone Soup version 0.23.0-3-gf3c87f2 (webtiles) character file.

Game seed: 9438054247636131814

112 vishdafish the Charlatan (level 4, -4/34 HPs)
             Began as a Gnoll Artificer on Feb 22, 2019.
             Slain by a worm (9 damage)
             ... on level 3 of the Dungeon.
             The game lasted 00:02:36 (1612 turns).

vishdafish the Charlatan (Gnoll Artificer)          Turns: 1612, Time: 00:02:37

Health: -4/34      AC:  4    Str: 19    XL:     4   Next: 95%
Magic:  8/8        EV: 13    Int: 14    God:
Gold:   104        SH:  0    Dex: 15    Spells: 5/5 levels left

rFire    . . .     SeeInvis .   a - +0 short sword
rCold    . . .     Gourm    .   (no shield)
rNeg     . . .     Faith    .   b - +1 leather armour
rPois    +         Spirit   .   (no helmet)
rElec    .         Reflect  .   (no cloak)
rCorr    .         Harm     .   (no gloves)
MR       .....                  (no boots)
Stlth    ++........             (no amulet)
HPRegen  0.11/turn              g - +4 ring of strength
MPRegen  0.11/turn              l - ring of poison resistance

@: heavily drained
A: distributed training, fangs 1, strong nose
a: no special abilities


You were on level 3 of the Dungeon.
You were not hungry.

You visited 1 branch of the dungeon, and saw 4 of its levels.

You collected 104 gold pieces.

Inventory:

Hand Weapons
 a - a +0 short sword (weapon)
Armour
 b - a +1 leather armour (worn)
Jewellery
 g - a +4 ring of strength (left hand)
 l - a ring of poison resistance (right hand)
Wands
 c - a wand of flame (4)
 d - a wand of enslavement (15)
 e - a wand of random effects (14)
Scrolls
 i - a scroll of enchant weapon
 q - a scroll of fog {unknown}
Potions
 h - a potion of heal wounds {unknown}
 j - a potion of lignification {unknown}
Comestibles
 f - 5 rations


   Skills:
 + Level 2.8(1.4) Fighting
 + Level 2.8(1.4) Short Blades
 + Level 1.2(0.0) Long Blades
 + Level 1.2(0.0) Axes
 + Level 1.2(0.0) Maces & Flails
 + Level 1.2(0.0) Polearms
 + Level 1.2(0.0) Staves
 + Level 1.2(0.0) Slings
 + Level 1.2(0.0) Bows
 + Level 1.2(0.0) Crossbows
 + Level 1.2(0.0) Throwing
 + Level 1.2(0.0) Armour
 + Level 4.7(3.2) Dodging
 + Level 2.6(1.2) Stealth
 + Level 1.2(0.0) Shields
 + Level 1.2(0.0) Unarmed Combat
 + Level 1.2(0.0) Spellcasting
 + Level 1.0(0.0) Conjurations
 + Level 1.0(0.0) Hexes
 + Level 1.0(0.0) Charms
 + Level 1.0(0.0) Summonings
 + Level 1.0(0.0) Necromancy
 + Level 1.0(0.0) Translocations
 + Level 1.0(0.0) Transmutations
 + Level 1.0(0.0) Fire Magic
 + Level 1.0(0.0) Ice Magic
 + Level 1.0(0.0) Air Magic
 + Level 1.0(0.0) Earth Magic
 + Level 1.0(0.0) Poison Magic
 + Level 1.4(0.1) Invocations
 + Level 6.6(5.1) Evocations


You had 5 spell levels left.
You didn't know any spells.
Your spell library was empty.

Dungeon Overview and Level Annotations

Branches:
Dungeon (4/15)
 Temple: D:4-7

Altars:


Innate Abilities, Weirdness & Mutations

Your experience applies equally to all skills.
You have very sharp teeth.
Your uncanny sense of smell can sniff out nearby items.


Message History

Evoke which item? (* to show all) (? for menu, Esc to quit)
Aiming: Throw Flame
Press: ? - help, Shift-Dir - straight line, f - worm
Aim: a worm The puff of flame hits the worm!
The worm is heavily wounded.
You hear the rusting of a distant drain.
The worm barely misses you.
Evoke which item? (* to show all) (? for menu, Esc to quit)
Aiming: Throw Flame
Press: ? - help, Shift-Dir - straight line, f/p - worm
Aim: a worm (moderately wounded)
The puff of flame hits the worm!
The worm is severely wounded.
Evoke which item? (* to show all) (? for menu, Esc to quit)
Aiming: Throw Flame
Press: ? - help, Shift-Dir - straight line, f/p - worm
Aim: a worm (severely wounded)
The puff of flame misses the worm.
The worm bites you!
You die...

#.#####.# #.#####.####
###.##.......#
#######...##.##.##.##
###.......#.##.##......
..................##.#.
..###...##..#.##.##...
#. #(#.#.###.#.##.####.
#...#.#@..###...........
#..w###...†..####.###
∆#.#.#∆#.#....####.# #.
.#. #........##.# ..
.#.#g.###..##.##.# ∆..
.# #.#. ∆#..##.##.# ∆ ##
.# .#..###........# ##
#....###.#### ∆
∆#.#..##..#


You could see a worm.

Vanquished Creatures
  Natasha (D:2)
  A gnoll (D:1)
  2 adders (D:3)
  An ooze (D:1)
  An adder skeleton (D:3)
  2 worms
  A dart slug (D:1)
  3 leopard geckos
  2 orcs (D:3)
  5 bats
  4 giant cockroaches (D:1)
  2 goblins (D:1)
  2 hobgoblins
  4 jackals (D:3)
  2 kobolds
  A quokka (D:3)
  4 frilled lizards
  4 rats
42 creatures vanquished.

Notes
Turn   | Place    | Note
-------+----------+-------------------------------------------
     0 | D:1      | vishdafish the Gnoll Artificer began the quest for the Orb.
     0 | D:1      | Reached XP level 1. HP: 17/17 MP: 4/4
    81 | D:1      | Reached XP level 2. HP: 23/23 MP: 6/6
   331 | D:1      | Reached XP level 3. HP: 24/28 MP: 7/7
   817 | D:2      | Noticed Natasha
   834 | D:2      | Killed Natasha
   834 | D:2      | Reached skill level 1 in Long Blades
   834 | D:2      | Reached skill level 1 in Axes
   834 | D:2      | Reached skill level 1 in Maces & Flails
   834 | D:2      | Reached skill level 1 in Polearms
   834 | D:2      | Reached skill level 1 in Staves
   834 | D:2      | Reached skill level 1 in Slings
   834 | D:2      | Reached skill level 1 in Bows
   834 | D:2      | Reached skill level 1 in Crossbows
   834 | D:2      | Reached skill level 1 in Throwing
   834 | D:2      | Reached skill level 1 in Armour
   834 | D:2      | Reached skill level 1 in Shields
   834 | D:2      | Reached skill level 1 in Unarmed Combat
   834 | D:2      | Reached skill level 1 in Spellcasting
   834 | D:2      | Reached skill level 1 in Invocations
   834 | D:2      | Reached XP level 4. HP: 3/34 MP: 8/8
  1288 | D:2      | You fall through a shaft for 2 floors!
  1487 | D:3      | Reached skill level 1 in Conjurations
  1487 | D:3      | Reached skill level 1 in Hexes
  1487 | D:3      | Reached skill level 1 in Charms
  1487 | D:3      | Reached skill level 1 in Summonings
  1487 | D:3      | Reached skill level 1 in Necromancy
  1487 | D:3      | Reached skill level 1 in Translocations
  1487 | D:3      | Reached skill level 1 in Transmutations
  1487 | D:3      | Reached skill level 1 in Fire Magic
  1487 | D:3      | Reached skill level 1 in Ice Magic
  1487 | D:3      | Reached skill level 1 in Air Magic
  1487 | D:3      | Reached skill level 1 in Earth Magic
  1487 | D:3      | Reached skill level 1 in Poison Magic
  1612 | D:3      | Slain by a worm

Skill      XL: |  1  2  3  4 |
---------------+-------------+-----
Long Blades    | 1 |  1.2
Axes           | 1 |  1.2
Maces & Flails | 1 |  1.2
Polearms       | 1 |  1.2
Staves         | 1 |  1.2
Slings         | 1 |  1.2
Bows           | 1 |  1.2
Crossbows      | 1 |  1.2
Throwing       | 1 |  1.2
Armour         | 1 |  1.2
Shields        | 1 |  1.2
Unarmed Combat | 1 |  1.2
Spellcasting   | 1 |  1.2
Invocations    | 1 |  1.4
Conjurations   | 1 |  1.0
Hexes          | 1 |  1.0
Charms         | 1 |  1.0
Summonings     | 1 |  1.0
Necromancy     | 1 |  1.0
Translocations | 1 |  1.0
Transmutations | 1 |  1.0
Fire Magic     | 1 |  1.0
Ice Magic      | 1 |  1.0
Air Magic      | 1 |  1.0
Earth Magic    | 1 |  1.0
Poison Magic   | 1 |  1.0
Fighting       | |  2.8
Short Blades   | |  2.8
Dodging        | |  4.7
Stealth        | |  2.6
Evocations     | |  6.6

Action                   |  1- 3 |  4- 6 || total
-------------------------+-------+-------++-------
Melee: Short sword       |    60 |    86 ||   146
       Bite              |     8 |     8 ||    16
       Punch             |       |     1 ||     1
Evoke: Wand              |     4 |     8 ||    12
  Use: Scroll            |     3 |     2 ||     5
 Stab: Sleeping          |     6 |     2 ||     8
  Eat: Chunk             |       |     2 ||     2
Armor: Leather armour    |    12 |    23 ||    35
Dodge: Dodged            |    36 |    70 ||   106
